 Dungeon Crawl Stone Soup version 0.26-a0-812-g31a745ddcd (webtiles) character file.

Game seed: 15164060163443743466

25 Dracia the Stinger (level 2, -1/20 HPs)
             Began as a Draconian Venom Mage on Nov 29, 2020.
             Slain by Terence
             ... wielding a +2 mace of protection
              (5 damage)
             ... on level 2 of the Dungeon.
             The game lasted 00:02:48 (1488 turns).

Dracia the Stinger (Draconian Venom Mage)           Turns: 1488, Time: 00:02:48

Health: -1/20      AC:  7    Str: 10    XL:     2   Next: 86%
Magic:  0/5        EV: 12    Int: 15    God:
Gold:   81         SH:  0    Dex: 11    Spells: 2/5 levels left

rFire    . . .     SeeInvis .   h - +1 spear
rCold    . . .     Faith    .   (no shield)
rNeg     . . .     Spirit   .   (armour unavailable)
rPois    .         Reflect  .   (helmet restricted)
rElec    .         Harm     .   (no cloak)
rCorr    .         Rampage  .   g - +2 pair of gloves
MR       .....                  (no boots)
Stlth    +++.......             (no amulet)
HPRegen  0.06/turn              a - ring of stealth
MPRegen  0.09/turn              (no ring)

@: no status effects
A: unfitting armour, cold-blooded, AC +4
a: no special abilities


You were on level 2 of the Dungeon.
You visited 1 branch of the dungeon, and saw 2 of its levels.

You collected 81 gold pieces.


Innate Abilities, Weirdness & Mutations

Your plain brown scales are hard. (AC +4)
You cannot fit into any form of body armour.
You are cold-blooded and may be slowed by cold attacks.


   Skills:
 - Level 1.7 Dodging
 - Level 1.7 Stealth
 - Level 2.0 Spellcasting
 - Level 1.0 Transmutations
 + Level 4.1 Poison Magic


You had 2 spell levels left.
You knew the following spells:

 Your Spells              Type           Power        Failure   Level
a - Sting                 Tmut/Pois      #...         8%          1
b - Poisonous Vapours     Pois/Air       #.....       14%         2

Your spell library contained the following spells:

 Spells                   Type           Power        Failure   Level
 Ignite Poison            Fire/Tmut/Pois #.......     32%         3
 Mephitic Cloud           Conj/Pois/Air  #.......     36%         3
 Olgreb's Toxic Radiance  Pois           ##......     36%         4

Inventory:

Hand Weapons
 h - a +1 spear (weapon)
Armour
 g - a +2 pair of gloves (worn)
Jewellery
 a - a ring of stealth (left hand)
 k - an uncursed ring of fire
Scrolls
 b - a scroll of teleportation {@r4}
Potions
 e - a potion of curing {unknown}
 i - a potion of cancellation {unknown}

Dungeon Overview and Level Annotations

Branches:
Dungeon (2/15)

Altars:

Annotations:
D:2 Sigmund, Terence

#..............
#.............
#....<.#.(...
##....#
##...####.
###..........
####..†##..##...
#########...g###
#.# .
###...(<....@@)#
...
#...........####
#... .
#...........#
..###.#.
#............#
.##...#.
###............
......
############..
...... .#.
...... # ......
......


You could see Terence (poisoned) and a hobgoblin.


Message History

Terence hits you with a +2 mace of protection.
* * * LOW HITPOINT WARNING * * *
The hobgoblin shouts!
You hit Terence.
Your tail-slap misses Terence.
Terence is severely wounded.
Terence misses you.
You closely miss Terence.
Terence is severely wounded.
Terence barely misses you.
You closely miss Terence.
Terence is severely wounded.
Terence hits you but does no damage.
You hit Terence but do no damage.
Terence is severely wounded.
Terence bares his teeth.
Terence closely misses you.
You hit Terence.
Terence is severely wounded.
Terence hits you with a +2 mace of protection!
* * * LOW HITPOINT WARNING * * *
Casting: Sting (safe; 8% risk of failure)
Confirm with . or Enter, or press ? or * to list all spells.
Aiming: Sting (safe; 8% risk of failure)
Press: ? - help, Shift-Dir - straight line, f/p - Terence
Aim: Terence, wielding a +2 mace of protection and wearing a +0 ring mail (severely wounded)
The sting hits Terence but does no damage.
Terence is poisoned.
Terence is severely wounded.
Terence hits you with a +2 mace of protection.
You die...

Skill      XL: |  1  2 |
---------------+-------+-----
Poison Magic   | 4 |  4.1
Dodging        | |  1.7
Stealth        | |  1.7
Spellcasting   | |  2.0
Transmutations | |  1.0

Action                   || total
-------------------------++-------
Melee: Unarmed           ||    27
       Tailslap          ||     8
       Spear             ||    33
 Cast: Sting             ||     6
       Poisonous Vapours ||     1
  Use: Scroll            ||     6
 Stab: Sleeping          ||     5
Armor: Skin              ||    14
Dodge: Dodged            ||    41

Levels and vault maps discovered:
D:1:      minmay_arrival_semitransparent, layout_basic, kennysheep_small_spiral
D:2:      layout_rooms, uniq_terence, uniq_sigmund

Notes
Turn   | Place    | Note
-------+----------+-------------------------------------------
     0 | D:1      | Dracia the Draconian Venom Mage began the quest for the
                  | Orb.
     0 | D:1      | Reached XP level 1. HP: 14/14 MP: 3/3
   667 | D:1      | Reached XP level 2. HP: 20/20 MP: 5/5
  1092 | D:1      | Learned a level 2 spell: Poisonous Vapours
  1142 | D:2      | Reached skill level 4 in Poison Magic
  1149 | D:2      | Noticed Sigmund
  1462 | D:2      | Noticed Terence
  1488 | D:2      | Slain by Terence

Vanquished Creatures
  An adder (D:2)
  A leopard gecko (D:2)
  A ball python (D:2)
  A bat (D:2)
  3 goblins
  2 hobgoblins (D:1)
  A frilled lizard (D:1)
  3 kobolds (D:1)
  3 rats
16 creatures vanquished.

Table legend: (Time is in decaauts)
 A = Elapsed time spent in this place.
 B = Non-inter-level travel time spent in this place.
 C = Inter-level travel time spent in this place.
 D = Time resting spent in this place.
 E = Time spent auto-exploring this place.
 F = Levels seen in this place.
 G = Mean time per level.
                   A        B        C        D        E       F      G
               +--------+--------+--------+--------+--------+-----+--------+
         Total |   1490 |   1448 |     42 |     31 |   1247 |   2 |  745.0 |
       Dungeon |   1490 |   1448 |     42 |     31 |   1247 |   2 |  745.0 |
               +--------+--------+--------+--------+--------+-----+--------+

Top non-repeatable levels by time:
     D:1: 1399 daAuts
     D:2: 90 daAuts

Table legend:
 A = Non-vault XP
 B = Vault XP
 C = Vault XP percentage of total XP
 D = Non-vault monster count
 E = Vault monster count
 F = Vault count percentage of total count
                 A         B        C        D         E       F
            +---------+---------+-------+---------+---------+-------
      Total |      37 |       0 |   0.0 |      16 |       0 |   0.0
            +---------+---------+-------+---------+---------+-------
        D:1 |      14 |       0 |   0.0 |      10 |       0 |   0.0
        D:2 |      23 |       0 |   0.0 |       6 |       0 |   0.0
            +---------+---------+-------+---------+---------+-------
